 Dungeon Crawl Stone Soup version 0.28.0-53-g5a82cb258f (webtiles) character file.

Game seed: 14572046342971835311

408 Zeld the Chopper (level 6, -17/85 HPs)
             Began as a Minotaur Berserker on May 22, 2022.
             Was a Priest of Trog.
             Demolished by rumses's ghost (20 damage)
             ... on level 5 of the Dungeon.
             The game lasted 00:02:20 (4926 turns).

Zeld the Chopper (Minotaur Berserker)               Turns: 4926, Time: 00:02:21

Health: -17/85     AC:  2    Str: 24    XL:     6   Next: 57%
Magic:  5/5        EV: 12    Int:  4    God:    Trog [***...]
Gold:   137        SH:  0    Dex:  9    Spells: 5/5 levels left

rFire   . . .      SeeInvis .   a - +0 hand axe
rCold   . . .      Faith    .   (no shield)
rNeg    . . .      Spirit   .   b - +0 animal skin
rPois   .          Reflect  .   (helmet restricted)
rElec   .          Harm     .   (no cloak)
rCorr   .          Rampage  .   (no gloves)
Will    .....                   (no boots)
Stlth   ..........              (no amulet)
HPRegen 0.24/turn               (no ring)
MPRegen 0.09/turn               (no ring)

@: berserking, very quick
A: horns 2, retaliatory headbutt
a: Renounce Religion, Berserk, Trog's Hand


You were on level 5 of the Dungeon.
You worshipped Trog.
Trog was most pleased with you.
You visited 1 branch of the dungeon, and saw 5 of its levels.

You collected 137 gold pieces.

Inventory:

Hand Weapons
 a - a +0 hand axe (weapon)
Armour
 b - a +0 animal skin (worn)
Wands
 f - a wand of iceblast (14)
 o - a wand of flame (3)
Scrolls
 c - a scroll of torment {unknown}
 g - 2 scrolls of identify {unknown}
 j - 4 scrolls of teleportation {unknown}
 k - a scroll of brand weapon {unknown}
 m - a scroll of acquirement {unknown}
 n - a scroll of enchant weapon {unknown}
 p - 2 scrolls of blinking {unknown}
 q - a scroll of amnesia {unknown}
 s - a scroll of enchant armour {unknown}
Potions
 d - 2 potions of might {unknown}
 e - 2 potions of magic {unknown}
 h - 2 potions of heal wounds {unknown}
 i - a potion of resistance {unknown}
 l - a potion of invisibility {unknown}
 r - 2 potions of lignification {unknown}


   Skills:
 * Level 5.9 Fighting
 * Level 6.0 Axes
 + Level 4.1 Armour
 + Level 3.6 Dodging


You had 5 spell levels left.
You didn't know any spells.
Your spell library was empty.

Dungeon Overview and Level Annotations

Branches:
Dungeon (5/15)
 Temple: D:4-7

Altars:

Shops:
D:2 (

Annotations:
D:5 rumses's ghost, novice HOFi


Innate Abilities, Weirdness & Mutations

You have a pair of horns on your head.
You reflexively headbutt those who attack you in melee.


Message History

Rumses's ghost hits you!!
You hit rumses's ghost.
Rumses's ghost is moderately damaged.
Rumses's ghost hits you!
You hit rumses's ghost but do no damage.
You punch rumses's ghost, but do no damage.
Rumses's ghost is moderately damaged.
Rumses's ghost hits you.
You are too injured to fight recklessly!
You slash rumses's ghost! You punch rumses's ghost.
Rumses's ghost is heavily damaged.
You are too injured to fight recklessly!
You closely miss rumses's ghost.
Rumses's ghost is heavily damaged.
Rumses's ghost hits you.
* * * LOW HITPOINT WARNING * * *
You slash rumses's ghost! Your headbutt misses rumses's ghost.
Rumses's ghost is severely damaged.
Rumses's ghost hits you!
* * * LOW HITPOINT WARNING * * *
You hit rumses's ghost but do no damage.
Your headbutt misses rumses's ghost.
Rumses's ghost is severely damaged.
You closely miss rumses's ghost. Your headbutt misses rumses's ghost.
Rumses's ghost is severely damaged.
Rumses's ghost hits you!
* * * LOW HITPOINT WARNING * * *
You hit rumses's ghost.
Rumses's ghost is severely damaged.
Rumses's ghost hits you.
* * * LOW HITPOINT WARNING * * *
Unknown command.
You hit rumses's ghost.
You headbutt rumses's ghost, but do no damage.
Rumses's ghost is severely damaged.
Unknown command.
You hit rumses's ghost.
Rumses's ghost is almost destroyed.
Rumses's ghost hits you!!
You die...

.... #... ...
#..# .... ...
...... ..# .....#
#######.##.....#
≈≈≈≈≈r#.........
≈[≈≈≈wW@.......#
≈≈≈≈≈w#.........
########.........
.........(.......
................#
.##..#.###.##.##
#..#.###+##.# ...
#........# ###
#........#


You could see 2 worms, rumses's ghost and a rat.

Vanquished Creatures
  An ogre (D:5)
  A bullfrog (D:5)
  A howler monkey (D:4)
  A centaur skeleton (D:5)
  4 gnolls (D:3)
  A howler monkey skeleton (D:4)
  4 adders
  A white imp (D:5)
  An adder skeleton (D:4)
  3 worms
  10 orcs
  5 endoplasms
  4 giant cockroaches
  6 goblins
  7 hobgoblins
  5 jackals
  5 kobolds
  2 quokkas
  7 ball pythons
  6 bats
  6 frilled lizards
  6 rats
87 creatures vanquished.

Vanquished Creatures (others)
  A fungus (D:1)
  A plant (D:1)
2 creatures vanquished.

Grand Total: 89 creatures vanquished

Notes
Turn   | Place    | Note
-------+----------+-------------------------------------------
     0 | D:1      | Zeld the Minotaur Berserker began the quest for the Orb.
     0 | D:1      | Reached XP level 1. HP: 19/19 MP: 0/0
   191 | D:1      | Reached XP level 2. HP: 18/27 MP: 1/1
   526 | D:1      | Reached skill level 4 in Axes
  1116 | D:1      | Found a faded altar of an unknown god.
  1299 | D:2      | Found Xaetel's Weapon Emporium.
  1382 | D:2      | Reached XP level 3. HP: 25/33 MP: 2/2
  1585 | D:2      | Reached ** piety under Trog
  2268 | D:3      | Reached XP level 4. HP: 36/41 MP: 3/3
  3329 | D:4      | Reached skill level 5 in Fighting
  3329 | D:4      | Reached skill level 5 in Axes
  3329 | D:4      | Reached XP level 5. HP: 17/48 MP: 4/4
  3642 | D:4      | Reached *** piety under Trog
  4469 | D:5      | Entered Level 5 of the Dungeon
  4574 | D:5      | Noticed an ogre
  4582 | D:5      | Killed an ogre
  4583 | D:5      | Reached XP level 6. HP: 37/57 MP: 5/5
  4800 | D:5      | Found a runed translucent door.
  4905 | D:5      | Noticed rumses's ghost (novice HOFi)
  4912 | D:5      | Reached skill level 6 in Axes
  4924 | D:5      | HP: 2/85 [rumses's ghost (4)]
  4926 | D:5      | Demolished by rumses's ghost

Illustrated notes

Levels and vault maps discovered:
D:1:      dpeg_arrival_brainrot, layout_basic, shapermc_ecumenical_altar_petra
D:2:      layout_basic, serial_shops, nicolae_shop_bloodbath_and_beyond,
          grunt_ministairs_9
D:3:      minmay_wonky_spiral, layout_basic, nicolae_elevator_lobby_asterisk
D:4:      wad_pebble_path, layout_basic, chequers_serial_rivers_small_3
D:5:      layout_basic, ebering_ghost_sewer_f, minmay_misc_feat_columns

Skill      XL: |  1  2  3  4  5  6 |
---------------+-------------------+-----
Fighting       | 4 5 |  5.9
Axes           | 4 5 6 |  6.0
Armour         | 3 4 |  4.1
Dodging        | 3 |  3.6

Action                   |  1- 3 |  4- 6 || total
-------------------------+-------+-------++-------
Melee: Hand axe          |    83 |   117 ||   200
       Headbutt          |    10 |    18 ||    28
       Punch             |     1 |     3 ||     4
Invok: Berserk           |       |     3 ||     3
Armor: Animal skin       |    10 |    13 ||    23
Dodge: Dodged            |    46 |    77 ||   123
